Map: Terraform LE (Void)

Players

HzVee - Winner!

  • Race: Protoss Protoss

LegalMind

  • Race: Terran Terran
  • League: Bronze

VOD

Have the link to the VOD?

Description

Time

  • Played on: Oct. 16, 2015, 12:27 a.m.
  • Length: 11:01
Show
View Real Time Build Order
Export as new Build Order

HzVee Protoss - Winner!

Build Orders:  

Get SALT Encoding   

  12  0:02  Probe (Chrono Boost)  
  13  0:13  Probe (Chrono Boost)  
  14  0:18  Pylon  
  14  0:24  Probe (Chrono Boost)  
  15  0:36  Probe (Chrono Boost)  
  15  0:38  Gateway  
  16  0:44  Assimilator  
  16  0:47  Probe (Chrono Boost)  
  17  1:01  Pylon  
  17  1:11  Probe (Chrono Boost)  
  18  1:21  Probe (Chrono Boost)  
  19  1:25  Gateway  
  19  1:28  Cybernetics Core  
  19  1:32  Probe (Chrono Boost)  
  20  1:33  Assimilator  
  20  1:49  Probe (Chrono Boost)  
  21  2:00  Probe (Chrono Boost)  
  22  2:06  Warp Gate (Chrono Boost)  
  22  2:11  Mothership Core  
  24  2:18  Adept  
  24  2:19  Adept  
  28  2:32  Probe  
  29  2:45  Probe  
  29  2:48  Nexus  
  30  2:53  Pylon  
  30  2:56  Pylon  
  30  3:12  Robotics Facility  
  30  3:14  Pylon  
  30  3:21  Forge  
  30  3:25  Probe  
  31  3:37  Probe  
  32  3:51  Probe  
  33  4:02  Gateway  
  33  4:03  Probe  
  33  4:05  Pylon  
  33  4:07  Stalker  
  33  4:08  Stalker  
  38  4:12  Protoss Ground Weapons Level 1 (Chrono Boost)  
  38  4:18  Probe  
  39  4:28  Probe  
  40  4:35  Robotics Bay  
  40  4:38  Stalker  
  42  4:39  Probe  
  42  4:44  Stalker  
  45  4:50  Probe  
  47  4:53  Observer  
  47  5:00  Probe  
  48  5:08  Assimilator  
  48  5:11  Probe  
  53  5:14  Immortal  
  53  5:16  Stalker  
  55  5:21  Probe  
  56  5:30  Twilight Council  
  56  5:32  Probe  
  56  5:33  Stalker  
  56  5:34  Stalker  
  61  5:42  Probe  
  61  5:44  Assimilator  
  57  5:53  Probe  
  58  6:03  Probe  
  54  6:14  Probe  
  55  6:18  Probe  
  55  6:24  Probe  
  56  6:26  Photon Cannon  
  56  6:29  Pylon  
  56  6:31  Probe  
  58  6:34  Pylon  
  58  6:35  Probe  
  58  6:37  Colossus (Chrono Boost)  
  65  6:41  Stalker  
  65  6:43  Probe  
  65  6:45  Probe  
  68  6:50  Photon Cannon  
  69  6:56  Probe  
  70  7:06  Probe  
  70  7:08  Probe  
  72  7:14  Photon Cannon  
  72  7:17  Probe  
  72  7:19  Photon Cannon  
  72  7:20  Probe  
  72  7:22  Stalker x2  
  78  7:29  Probe  
  79  7:31  Resonating Glaives (Chrono Boost)  
  79  7:35  Adept  
  81  7:54  Adept  
  81  7:57  Nexus  
  83  7:58  Pylon  
  83  8:02  Pylon  
  83  8:13  Pylon  
  83  8:16  Adept x3, Pylon  
  89  8:44  Gateway  
  89  8:47  Gateway  
  89  8:54  Photon Cannon  
  89  8:57  Stalker x3  
  89  9:01  Blink (Chrono Boost)  
  95  9:07  Pylon  
  95  9:11  Colossus  
  95  9:16  Extended Thermal Lance (Chrono Boost)  
  101  9:29  Probe  
  96  9:41  Probe  
  96  9:42  Stalker  
  96  9:43  Stalker x2  
  97  9:53  Stalker x2, Probe  
  97  9:58  Colossus  
  102  10:05  Probe  
  102  10:06  Gateway  
  109  10:10  Photon Cannon  
  109  10:17  Probe  
  109  10:21  Stalker x4  
  112  10:22  Stalker  
  120  10:30  Probe  
  121  10:47  Stalker x2  
Show
View Real Time Build Order
Export as new Build Order

LegalMind Terran 

Build Orders:  

Get SALT Encoding   

  12  0:11  SCV  
  13  0:27  SCV  
  14  0:47  SCV  
  15  0:52  Supply Depot  
  15  1:13  SCV  
  16  1:19  Barracks  
  16  1:25  SCV  
  16  1:29  Refinery  
  16  1:31  Refinery  
  17  1:37  SCV  
  18  1:56  SCV  
  20  2:08  SCV  
  20  2:10  Barracks  
  20  2:20  SCV  
  21  2:22  Supply Depot  
  21  2:23  Supply Depot  
  21  2:26  Reaper  
  22  2:40  Factory  
  22  2:55  SCV  
  23  3:07  SCV  
  23  3:08  Command Center  
  23  3:09  Barracks Tech Lab  
  23  3:10  Barracks Tech Lab  
  24  3:19  SCV  
  25  3:25  Starport, Widow Mine  
  27  3:31  SCV  
  28  3:41  Marauder  
  28  3:42  Marauder  
  28  3:43  SCV  
  33  3:55  SCV  
  33  3:59  Widow Mine  
  36  4:03  Marauder  
  36  4:07  SCV  
  39  4:10  Supply Depot  
  39  4:20  SCV, Marauder, Medivac  
  39  4:22  SCV  
  45  4:28  Marauder  
  47  4:33  Widow Mine  
  47  4:36  SCV  
  47  4:37  SCV  
  51  4:45  Marauder  
  53  4:51  Barracks  
  53  4:55  Marauder  
  53  4:58  SCV x2  
  57  5:10  SCV x2, Marauder  
  61  5:15  Supply Depot  
  61  5:23  SCV  
  61  5:27  Supply Depot  
  62  5:31  Supply Depot  
  62  5:36  Medivac, Widow Mine  
  62  5:37  Marauder x2  
  64  6:21  Marauder x2  
  64  6:22  Widow Mine  
  64  6:23  Medivac  
  64  6:25  SCV x2  
  74  6:42  Marauder  
  74  6:43  Barracks Reactor  
  74  6:44  Command Center  
  76  6:52  Factory Reactor  
  76  6:54  Starport Reactor  
  76  6:59  Orbital Command  
  76  7:01  SCV  
  77  7:10  Marauder x2  
  77  7:13  SCV  
  82  7:23  Engineering Bay  
  82  7:24  Marine x2  
  82  7:25  SCV  
  82  7:26  Engineering Bay  
  82  7:27  Armory  
  85  7:35  Supply Depot x2  
  85  7:36  SCV  
  86  7:38  Refinery x2  
  86  7:50  Supply Depot  
  86  7:52  Terran Infantry Armor Level 1  
  86  7:54  Supply Depot  
  86  7:55  Terran Infantry Weapons Level 1, Marine x2, Medivac x2, Widow Mine x2  
  86  7:56  Marauder x2  
  100  9:01  Marine x2  
  100  9:02  Widow Mine, Marauder x2  
  106  9:03  Widow Mine  
  106  9:04  Medivac x2  
  106  9:07  SCV x3  
  117  9:19  SCV x3, Marine, Supply Depot  
  117  9:21  Supply Depot  
  117  9:23  Marauder  
  123  9:26  Marauder, Marine  
  123  9:31  SCV, Widow Mine  
  127  9:37  Marine  
  113  9:45  Marauder  
  97  9:50  Marauder, Marine  
  97  9:51  Widow Mine  
  88  9:55  Marine  
  89  10:06  Marauder  
  91  10:08  Marine  
  91  10:12  Marauder  
  77  10:41  Marine x2  
Tags
 
Add a new tag
Caveats
  • Supply blocks, unpowered buildings, or Contaminate may cause inaccurate times.
  • Supply counts are checked every 10 seconds.